Quirre, neutral male human Tourist -------- |....... |......| --- ------ ---- ----- ----------- |.......### |.+ +....+ |..| +...| +<........| |......| # |.| |....| |(.| |...| #|.........- |..>...| ### |.----+-----....----|--+-----...| #..........| -|------ # |................d@f............| ###----------- # ### |..-|-----+--.....f--|---|---...| ### ### # |..|..|..| |....@@|....|...|...|### # ### |..|..|.. |..r.r.|....|%%%|...|### ### # |..----|-----......|.._.|].!|....# # ##-...........@.{....|....|%%!|...|# # |.-------+-------..|----------..| ------.- #..|)(.?| +..| |....|..| |......| ###|.-.%[*| |..+ |....-..| |......| # |.|....| |..| |....|..| |....[.?######### |.---------------..-----------..- -------- |...............................| --------------------------------- Quirre the Excursionist Experience level: 6 Strength: 11 Dexterity: 11 Constitution: 14 Intelligence: 15 Wisdom: 8 Charisma: 18 Health: 0(38) Energy: 26(26) Def: 4 Gold: 720 Moves: 4883 Dungeon seed: 1TNBga7tOEyBsA6D Game ID: Quirre_1543426453 Your Inventory: Coins $ - 720 gold pieces Weapons a - 42 blessed +2 darts (in quiver) u - a cursed +0 dwarvish short sword v - 8 blessed +8 crossbow bolts L - a blessed +0 elven dagger M - an uncursed +0 silver dagger (weapon in hand) X - 9 uncursed +0 darts Armor e - an uncursed +0 Hawaiian shirt (being worn) q - an uncursed +0 cloak of invisibility r - an uncursed +0 pair of elven boots (being worn) z - a cursed -1 pair of gauntlets of fumbling named cursed V - an uncursed +0 dwarvish iron helm (being worn) W - an uncursed +0 dwarvish roundshield (being worn) Comestibles f - 3 uncursed food rations g - an uncursed tripe ration h - 3 uncursed strawberries J - 2 uncursed oranges Scrolls c - a blessed scroll of enchant weapon d - a blessed scroll of identify l - 4 uncursed scrolls of magic mapping A - an uncursed scroll of light C - 4 uncursed scrolls of scare monster E - an uncursed scroll of identify R - 3 uncursed scrolls of blank paper Spellbooks H - an uncursed spellbook of knock Potions k - an uncursed potion of extra healing t - an uncursed potion of water F - a cursed potion of booze K - 2 uncursed potions of oil S - an uncursed potion of hallucination T - a cursed potion of hallucination Rings U - an uncursed ring of slow digestion Wands o - an uncursed wand of secret door detection (0:12) x - an uncursed wand of death (0:8) B - an uncursed wand of make invisible (0:4) P - a cursed wand of cold (0:4) Tools b - 7 cursed tallow candles (0:200) i - an uncursed magic whistle m - an uncursed expensive camera (0:47) n - an uncursed credit card p - an uncursed tin opener w - 7 uncursed tallow candles (0:200) I - an uncursed towel Gems D - an uncursed worthless piece of white glass Q - an uncursed touchstone Y - an uncursed worthless piece of violet glass Z - an uncursed worthless piece of green glass Spells and supernatural/magical abilities: Name Level Category Fail Memory W - pray for help -- divine ? -- Your skills at the end: Miscellaneous Skills wands [Basic] stealth [Basic] Weapon Skills dagger [Basic] dart [Basic] Spellcasting Skills Final Attributes: You were fervently aligned. You saw invisible. You were somewhat stealthy. You are dead. Vanquished creatures: a dog a dust vortex a bugbear an imp a baby crocodile a rock mole 7 gnome lords 3 gnomish wizards a kobold mummy a guardian naga hatchling a paper golem a giant ant 2 floating eyes 5 dwarves a kobold lord a kobold shaman an iguana a rabid rat a jitterbug a monkey a gas spore 2 hobbits an acid blob a large kobold 3 hobgoblins 2 giant rats a red mold 17 gnomes 2 garter snakes a gnome zombie 5 jackals 4 kobolds 8 newts 2 goblins 3 grid bugs 5 lichens 3 kobold zombies 94 creatures vanquished. Voluntary challenges: You did not cause conflict. You did not have reflection. You were not displaced. You used a wielded weapon 85 times, starting on turn 1499. You did not apply a unicorn horn. You did not use plumbed fixtures. You read items or engraved 2 times, starting on turn 724. You never genocided any monsters. You never polymorphed an object. You never changed form. You used no wishes. You never split a pudding. You never wrote Elbereth's name. You violated your moral code, losing 2 points of alignment, starting on turn 2143. Dungeon overview: The Dungeons of Doom: levels 1 to 5 Level 1 a fountain, a sink a long staircase Level 2 some fountains stairs to The Gnomish Mines Level 3 some fountains Level 4 an altar to Offler Level 5 many fountains The Gnomish Mines: levels 3 to 5 Level 3 stairs to The Dungeons of Doom Level 4 Level 5 <- You were here some shops, a temple to Offler, a magic chest, some fountains History has recorded: On T:1 you entered the Dungeons of Doom to retrieve the Amulet of Yendor! On T:383 you reached level 2 of The Dungeons of Doom. On T:963 you reached level 3 of The Dungeons of Doom. On T:1154 you advanced to experience level 2. On T:1469 you reached level 4 of The Dungeons of Doom. On T:1501 you advanced to experience level 3. On T:1935 you reached level 5 of The Dungeons of Doom. On T:2020 you advanced to experience level 4. On T:2105 you advanced to experience level 5. On T:3100 you reached level 1 of The Gnomish Mines. On T:3177 you advanced to experience level 6. On T:3587 you reached level 2 of The Gnomish Mines. On T:3630 you prayed to The Lady. On T:3981 you reached level 3 of The Gnomish Mines. On T:4681 you opened a magic chest. On T:4696 you entered the Minetown temple Score breakdown: Gold: 488 ( 48 points) Experience: 6 levels ( 500 points) Exploration: 5 levels ( 120 points) Discoveries: 32 items ( 1600 points) Variety of kills: 37 monsters ( 1850 points) Major goal: reached Minetown ( 500 points) Survival: died (score multiplied by 3) Total score: 13854 Latest messages: You stop picking the lock. The dog just misses! The dog bites! (2x) You stab the dog. The dog bites! Jones misses the dog. You stab the dog. The dog bites! Jones misses the dog. The dog bites! Jones bites the dog. The dog misses Jones. The dog bites! You miss the dog. The dog bites! Jones misses the dog. Jones bites the dog. You stab the dog. The dog bites! Jones misses the dog. The dog bites! Jones bites the dog. The dog misses Jones. The dog bites! You die... Final status: Aloha Quirre the Tourist, killed by a dog... You died in The Gnomish Mines on dungeon level 5 with 13854 points, and 720 pieces of gold, after 4883 moves. You were level 6 with a maximum of 38 hit points when you died.